 Dungeon Crawl Stone Soup version 0.28.0-53-g5a82cb258f (webtiles) character file.

Game seed: 6745641956501316606

26462 Metae the Fighter (level 12, -15/117 HPs)
             Began as a Minotaur Fighter on June 14, 2022.
             Was an Elder of Makhleb.
             Demolished by an Executioner (19 damage)
             ... on level 2 of the Abyss on July 6, 2022.
             The game lasted 01:58:10 (17231 turns).

Metae the Fighter (Minotaur Fighter)               Turns: 17231, Time: 01:58:10

Health: -15/117    AC: 28    Str: 26    XL:     12   Next: 98%
Magic:  17/17      EV:  7    Int:  5    God:    Makhleb [****..]
Gold:   891        SH: 10    Dex: 14    Spells: 11/11 levels left

rFire   + + +      SeeInvis .   W - +4 trident (venom)
rCold   . . .      Faith    .   I - +0 kite shield
rNeg    + . .      Spirit   .   o - +8 chain mail "Cochishru" {rElec rF+++ rN+ Dex-2}
rPois   .          Reflect  .   R - +2 hat {Will+}
rElec   +          Harm     .   n - +0 cloak
rCorr   +          Rampage  .   F - +1 Delatra's gloves {ID++}
Will    +....                   v - +1 pair of boots {Fly}
Stlth   ..........              S - amulet of regeneration
HPRegen 1.09/turn               J - ring of resist corrosion
MPRegen 0.15/turn               x - +6 ring of dexterity

@: about to teleport, flying
A: horns 2, retaliatory headbutt
a: Renounce Religion, Minor Destruction, Lesser Servant of Makhleb, Major
Destruction


You were on level 2 of the Abyss.
You worshipped Makhleb.
Makhleb was greatly pleased with you.
You visited 3 branches of the dungeon, and saw 15 of its levels.
You visited the Abyss 1 time.

You collected 969 gold pieces.
You spent 78 gold pieces at shops.

Inventory:

Hand Weapons
 a - the +6 hand axe of Amummuf {protect, Str+4 Int+6}
   (You found it on level 4 of the Dungeon)

   It grants its wielder temporary protection when it strikes (+7 to AC).
   Str:       It affects your strength (+4).
   Int:       It affects your intelligence (+6).
 y - a +3 whip of holy wrath
 W - a +4 trident of venom (weapon)
 Y - a +0 hunting sling
Missiles
 g - 185 sling bullets
 q - 6 throwing nets (quivered)
Armour
 n - a +0 cloak (worn)
 o - the +8 chain mail "Cochishru" (worn) {rElec rF+++ rN+ Dex-2}
   (You found it on level 3 of the Dungeon)

   Dex:       It affects your dexterity (-2).
   rF:        It renders you almost immune to fire.
   rElec:     It insulates you from electricity.
   rN:        It protects you from negative energy.
 s - +0 steam dragon scales
 v - a +1 pair of boots of flying (worn)
 F - the +1 Delatra's gloves (worn) {ID++}
   (You found it on level 6 of the Dungeon)

   It heals its wearer when they drink unknown potions.
   It restores its wearer's MP when they read unknown scrolls.
 I - a +0 kite shield (worn)
 R - a +2 hat of willpower (worn)
Jewellery
 l - a ring of protection from cold
 x - a +6 ring of dexterity (right hand)
 D - an amulet of the acrobat
 J - a ring of resist corrosion (left hand)
 S - an amulet of regeneration (around neck)
 U - a ring of ice
Wands
 m - a wand of mindburst (11)
 w - a wand of charming (13)
 M - a wand of flame (46)
 O - a wand of digging (2)
 Q - a wand of paralysis (7)
Scrolls
 b - a scroll of identify
 c - a scroll of enchant armour {unknown}
 e - 3 scrolls of immolation {unknown}
 f - 3 scrolls of vulnerability
 h - 2 scrolls of noise
 i - a scroll of brand weapon {unknown}
 j - 3 scrolls of teleportation
 r - a scroll of holy word {unknown}
 t - 2 scrolls of fear {unknown}
 u - a scroll of enchant weapon
 C - 2 scrolls of amnesia {unknown}
 T - 3 scrolls of magic mapping {unknown}
Potions
 d - 2 potions of might
 p - 3 potions of haste
 A - 3 potions of curing
 B - 2 potions of degeneration
 E - 3 potions of flight
 G - a potion of lignification {unknown}
 K - 2 potions of heal wounds
 L - a potion of brilliance {unknown}
 N - a potion of ambrosia {unknown}
 P - a potion of mutation {unknown}
 X - a potion of resistance {unknown}


   Skills:
 + Level 14.2 Fighting
 - Level 13.8(14.1) Axes
 + Level 5.2(10.3) Polearms
 + Level 10.2 Armour
 - Level 7.1 Shields
 + Level 8.3 Invocations
 - Level 6.5 Evocations


You had 11 spell levels left.
You didn't know any spells.
Your spell library contained the following spells:

 Spells                   Type           Power      Damage    Failure   Level
 Animate Skeleton         Necr           0%         N/A       100%        1
 Freeze                   Ice            0%         1d3       100%        1
 Pain                     Necr           0%         1d4       100%        1
 Blink                    Tloc           0%         N/A       100%        2
 Ensorcelled Hibernation  Hex/Ice        0%         N/A       100%        2
 Passwall                 Tmut/Erth      0%         N/A       100%        2
 Sublimation of Blood     Necr           0%         N/A       100%        2
 Conjure Flame            Conj/Fire      0%         6-21      100%        3
 Frozen Ramparts          Ice            0%         1d2       100%        3
 Ignite Poison            Fire/Tmut/Pois 0%         N/A       100%        3
 Swiftness                Air            0%         N/A       100%        3
 Tukima's Dance           Hex            0%         N/A       100%        3
 Vampiric Draining        Necr           0%         2d6       100%        3
 Hailstorm                Conj/Ice       0%         3d3       100%        4
 Passage of Golubria      Tloc           0%         N/A       100%        4
 Petrify                  Tmut/Erth      0%         N/A       100%        4
 Sticky Flame             Conj/Fire      0%         2d3       100%        4
 Summon Lightning Spire   Summ/Air       0%         N/A       100%        4
 Irradiate                Conj/Tmut      0%         3d14      100%        5
 Manifold Assault         Tloc           0%         N/A       100%        5
 Yara's Violent Unravell  Hex/Tmut       0%         3d3       100%        5
 Storm Form               Tmut/Air       0%         N/A       100%        7
 Maxwell's Capacitive Co  Air            0%         ∞         100%        8


Dungeon Overview and Level Annotations

Branches:
Dungeon (11/15)            Temple (1/1) D:7            Lair (3/6) D:9
  Swamp (0/4) Lair:2          Orc (0/2) D:11
  Snake: Lair:2-4    Spider: Lair:2-4

Altars:
Ashenzari
Cheibriados
Dithmenos
Elyvilon
Fedhas
Gozag
Hepliaklqana
Kikubaaqudgha
Makhleb
Nemelex Xobeh
Okawaru
Qazlal
Ru
Sif Muna
Trog
Uskayaw
Vehumet
Wu Jian
Xom
Yredelemnul
Zin
The Shining One

Shops:
D:3 *   D:6 (   D:8 !

Portals:
Trove: D:10 (give +3 ice dragon scales)

Annotations:
D:9 2 transporters, arakdai's ghost, novice DsGl
Lair:2 exclusion: oklob plant
Lair:3 Sonja


Innate Abilities, Weirdness & Mutations

You have a pair of horns on your head.
You reflexively headbutt those who attack you in melee.


Message History

You block the Executioner's attack.
The Executioner hits you but does no damage.
Blink to where?
Press: ? - help, Dir - move target
As you read the scroll of blinking, it crumbles to dust.
The Executioner hits you but does no damage.
The Executioner barely misses you. You block the Executioner's attack.
The Executioner hits you!
* * * LOW HITPOINT WARNING * * *
You block the Executioner's attack. The Executioner hits you.
* * * LOW HITPOINT WARNING * * *
You block the Executioner's attack.
The Executioner hits you but does no damage. x2
You block the Executioner's attack. The Executioner barely misses you.
The Executioner hits you but does no damage.
The Executioner hits you but does no damage. x2
You block the Executioner's attack. The Executioner barely misses you.
You block the Executioner's attack.
The Executioner hits you but does no damage.
You block the Executioner's attack.
The Executioner hits you but does no damage.
The Executioner closely misses you.
The Executioner hits you but does no damage. x3
As you read the scroll of teleportation, it crumbles to dust.
You feel strangely unstable.
You feel the power of the Abyss delaying your translocation!
The Executioner hits you.
* * * LOW HITPOINT WARNING * * *
You block the Executioner's attack. x2
The Executioner hits you but does no damage. x5
You block the Executioner's attack.
The Executioner hits you but does no damage. x3
The Executioner hits you.
* * * LOW HITPOINT WARNING * * *
The Executioner hits you but does no damage.
You block the Executioner's attack. You block the Executioner's attack.
The Executioner hits you but does no damage. x2
The Executioner hits you!!
You die...

## #. #.# # ##
..# .#.#.####§##
.....#..§##
#...#1##
####.#@#..# #.#
#. .#.....#.
.....#.#.###.#.#
#......§.# .###
.#.
.##........##.#
.# #..#.#.. #.#.
# #..#......#. .
... .
###.#...#.##.. .
. #.#..##..#...
. #


You could see an Executioner (fast).

Vanquished Creatures
  A tentacled starspawn (Abyss:2)
  Gastronok (Lair:2)
  An angel (Abyss:2)
  2 hydras
  The ghost of dragonscale333 the Frost Mage, a journeyman DsIE of Ashenzari (Lair:1)
  Fannar (D:10)
  4 two-headed ogres
  A sixfirhy (Abyss:2)
  A wretched star (Abyss:2)
  2 large abominations (Abyss:2)
  7 elephants
  3 unseen horrors
  4 cane toads (Lair:1)
  2 rime drakes
  A kobold demonologist (D:11)
  4 komodo dragons
  A troll (D:10)
  3 blink frogs
  A shadow (Abyss:2)
  A wraith (D:5)
  A ynoxinul (Abyss:2)
  3 wyverns
  27 yaks
  2 steam dragons (D:6)
  A swamp worm (Lair:2)
  2 wargs (D:11)
  12 water moccasins
  A sky beast (D:8)
  2 hornet zombies (D:9)
  8 orc warriors
  4 ice beasts
  2 black bears
  8 wolves
  4 ogres
  6 centaurs
  2 small abominations (Abyss:2)
  2 phantoms
  2 gnoll sergeants
  4 kobold brigands
  9 bullfrogs
  A scorpion (D:7)
  A wyvern zombie (D:9)
  A water moccasin skeleton (D:6)
  22 killer bees
  3 howler monkeys
  11 wights
  3 bullfrog zombies
  2 jellies
  7 centaur zombies
  2 centaur skeletons
  3 gnoll shamans
  5 orc priests
  A bullfrog skeleton (D:6)
  8 hounds
  5 iguanas
  A scorpion zombie (D:5)
  13 orc wizards
  2 killer bee zombies
  2 hound skeletons (D:4)
  Robin (D:4)
  19 gnolls
  8 adders
  A shadow imp (D:5)
  2 white imps
  2 ufetubi
  An adder skeleton (D:4)
  A worm (D:4)
  A dart slug (D:1)
  44 orcs
  9 ball pythons
  5 endoplasms
  2 giant cockroaches
  20 goblins
  10 hobgoblins
  2 jackals (D:3)
  3 quokkas
  4 bats
  11 kobolds
  8 rats
  A bush (Lair:2)
  2 butterflies (D:7)
394 creatures vanquished.

Vanquished Creatures (collateral kills)
  A naga skeleton (Abyss:2)
  2 starspawn tentacles (Abyss:2)
3 creatures vanquished.

Vanquished Creatures (others)
  3 demonic plants (D:1)
  43 fungi
  48 plants
  29 starspawn tentacles (Abyss:2)
  2 withered plants (D:1)
125 creatures vanquished.

Grand Total: 522 creatures vanquished

Notes
Turn   | Place    | Note
-------+----------+-------------------------------------------
     0 | D:1      | Metae the Minotaur Fighter began the quest for the Orb.
     0 | D:1      | Reached XP level 1. HP: 19/19 MP: 0/0
   206 | D:1      | Reached XP level 2. HP: 27/27 MP: 1/1
   360 | D:1      | Found a faded altar of an unknown god.
   943 | D:2      | Reached skill level 4 in Fighting
   984 | D:2      | Reached XP level 3. HP: 21/33 MP: 2/2
  1816 | D:3      | Identified the +8 chain mail "Cochishru" {rElec rF+++ rN+
                  | Dex-2}
  1971 | D:3      | Reached XP level 4. HP: 40/40 MP: 3/3
  1996 | D:3      | Found Xuyhytaq's Assorted Antiques.
  2405 | D:4      | Noticed Robin
  2448 | D:4      | Killed Robin
  2515 | D:4      | Reached XP level 5. HP: 18/47 MP: 4/4
  2785 | D:4      | Reached skill level 5 in Armour
  2798 | D:4      | Reached skill level 5 in Fighting
  2798 | D:4      | Reached skill level 5 in Shields
  2805 | D:4      | Reached XP level 6. HP: 50/56 MP: 5/5
  2859 | D:4      | Identified the +6 hand axe of Amummuf {protect, Str+4
                  | Int+6}
  2990 | D:4      | Reached skill level 5 in Axes
  2990 | D:4      | Reached XP level 7. HP: 13/62 MP: 6/6
  3300 | D:4      | Identified the +2 leather armour of Pyaczaffu {Harm Str+3
                  | Int-4}
  3495 | D:4      | Reached skill level 6 in Fighting
  3755 | D:5      | Entered Level 5 of the Dungeon
  3876 | D:5      | Found a broken altar of Ashenzari.
  3965 | D:5      | Found a large runed translucent door.
  3965 | D:5      | Found a large runed translucent door.
  4166 | D:5      | Found a large runed translucent door.
  4166 | D:5      | Found a large runed translucent door.
  4187 | D:5      | Reached XP level 8. HP: 66/71 MP: 7/7
  4209 | D:5      | Killed an unseen horror
  4210 | D:5      | Reached skill level 7 in Fighting
  4382 | D:5      | Identified the +8 rapier of Guile {holy, *Noise Fly Int+7
                  | Dex+2}
  4831 | D:5      | Reached skill level 8 in Fighting
  5402 | D:6      | Reached XP level 9. HP: 77/82 MP: 8/8
  5475 | D:6      | Found Utaenye's Weapon Shoppe.
  5617 | D:6      | Reached skill level 9 in Fighting
  5787 | D:6      | Found the +1 Delatra's gloves {ID++}
  5880 | D:6      | Found an ancient bone altar of Kikubaaqudgha.
  5881 | D:6      | Found a blossoming altar of Fedhas.
  6220 | D:6      | Reached skill level 10 in Fighting
  6320 | D:6      | Reached skill level 10 in Axes
  6651 | D:7      | Reached skill level 1 in Evocations
  6746 | D:7      | Found a staircase to the Ecumenical Temple.
  6757 | Temple   | Entered the Ecumenical Temple
  7141 | D:7      | Reached XP level 10. HP: 91/94 MP: 9/9
  7156 | D:7      | Reached skill level 11 in Fighting
  7434 | D:7      | Found a shadowy altar of Dithmenos.
  7635 | D:7      | Found a white marble altar of Elyvilon.
  7827 | Temple   | Became a worshipper of Makhleb the Destroyer
  7992 | D:8      | Found Ymonot's Distillery.
  7995 | D:8      | Noticed a two-headed ogre
  8037 | D:8      | Killed a two-headed ogre
  8140 | D:8      | Bought a potion of curing for 39 gold pieces
  8140 | D:8      | Bought a potion of curing for 39 gold pieces
  8198 | D:8      | Found a large runed translucent door.
  8199 | D:8      | Found a large runed translucent door.
  8263 | D:8      | Found a sparkling altar of Nemelex Xobeh.
  8283 | D:8      | Found a shimmering altar of Xom.
  9014 | D:9      | Reached skill level 1 in Invocations
  9050 | D:9      | Found a staircase to the Lair.
  9084 | D:9      | Reached * piety under Makhleb
  9095 | D:9      | Found a snail-covered altar of Cheibriados.
  9150 | D:9      | Found a basalt altar of Yredelemnul.
  9208 | D:9      | Reached skill level 12 in Fighting
  9549 | D:9      | Noticed arakdai's ghost (novice DsGl)
  9549 | D:9      | Noticed a two-headed ogre
  9550 | D:9      | Identified the +7 great mace of Hepliaklqana's Pride
                  | {freeze, rElec rC- Will- Int+9}
  9550 | D:9      | Noticed a two-headed ogre
  9551 | D:9      | Noticed a two-headed ogre
  9552 | D:9      | Noticed a two-headed ogre
  9553 | D:9      | Found a transporter.
  9553 | D:9      | Noticed a two-headed ogre
  9654 | D:9      | Noticed a two-headed ogre
  9665 | D:9      | Killed a two-headed ogre
  9666 | D:9      | Reached skill level 5 in Evocations
  9666 | D:9      | Reached XP level 11. HP: 60/104 MP: 12/12
  9923 | D:9      | Found a transporter.
 10108 | D:9      | Found an iron altar of Okawaru.
 10289 | Lair:1   | Entered Level 1 of the Lair of Beasts
 11174 | Lair:1   | Reached ** piety under Makhleb
 11509 | Lair:1   | Found a large runed translucent door.
 11509 | Lair:1   | Found a large runed translucent door.
 11516 | Lair:1   | Noticed dragonscale333's ghost (journeyman DsIE)
 11606 | Lair:1   | Killed dragonscale333's ghost
 11777 | Lair:1   | Reached skill level 13 in Fighting
 11777 | Lair:1   | Reached skill level 5 in Invocations
 11966 | Lair:2   | Found a staircase to the Swamp.
 12129 | Lair:2   | Noticed Gastronok
 12151 | Lair:2   | Killed Gastronok
 12166 | Lair:2   | Noticed a five-headed hydra
 12324 | D:10     | Entered Level 10 of the Dungeon
 12340 | D:10     | Reached XP level 12. HP: 112/115 MP: 15/15
 12516 | D:10     | Noticed a two-headed ogre
 12527 | D:10     | Killed a two-headed ogre
 12639 | D:10     | Reached *** piety under Makhleb
 12827 | D:10     | Noticed Fannar
 12847 | D:10     | Killed Fannar
 12962 | D:10     | Found a portal to a secret trove of treasure.
 13397 | D:11     | Noticed an eight-headed hydra
 13406 | D:11     | Killed an eight-headed hydra
 13407 | D:11     | Reached skill level 1 in Polearms
 13529 | D:11     | Noticed a two-headed ogre
 13544 | D:11     | Killed a two-headed ogre
 13712 | D:11     | Found a staircase to the Orcish Mines.
 13749 | D:11     | Reached **** piety under Makhleb
 14779 | Lair:1   | Killed a five-headed hydra
 15171 | Lair:2   | Reached skill level 14 in Fighting
 15302 | Lair:2   | Reached skill level 10 in Armour
 15371 | Lair:2   | Reached skill level 5 in Polearms
 16153 | Lair:2   | Identified the -6 pair of gloves of Lust {rF++}
 16459 | Lair:3   | Noticed Sonja
 16470 | Lair:3   | Cast into level 2 of the Abyss (Sonja)
 16541 | Abyss:2  | Noticed a tentacled starspawn
 16646 | Abyss:2  | Killed a tentacled starspawn
 16857 | Abyss:2  | Noticed a tentacled starspawn
 16896 | Abyss:2  | Noticed an ironbound thunderhulk
 16896 | Abyss:2  | Noticed a brown very ugly thing
 16898 | Abyss:2  | Noticed a cyan very ugly thing
 16930 | Abyss:2  | Noticed an ironbound thunderhulk
 16935 | Abyss:2  | Noticed a purple very ugly thing
 16993 | Abyss:2  | Found a corrupted altar of Lugonu.
 17004 | Abyss:2  | Noticed an angel
 17037 | Abyss:2  | Killed an angel
 17095 | Abyss:2  | Noticed a rakshasa
 17200 | Abyss:2  | Noticed a tentacled starspawn
 17208 | Abyss:2  | Noticed an Executioner
 17225 | Abyss:2  | HP: 5/117 [Executioner (2)]
 17230 | Abyss:2  | HP: 3/117 [Executioner (1)]
 17231 | Abyss:2  | Demolished by an Executioner

Illustrated notes

Levels and vault maps discovered:
D:1:      zaba_arrival_water, layout_loops_cross, shapermc_ecumenical_altar_gd
D:2:      layout_basic
D:3:      kennysheep_big_flooded_room, layout_rooms, serial_shops, shop
D:4:      layout_basic, uniq_robin
D:5:      layout_loops_corners, mainiacjoe_overflow_brackets,
          minmay_hollow_rounded_squares
D:6:      minmay_razor_zed, layout_cave_pools,
          grunt_temple_overflow_growth_and_decay, serial_shops,
          nicolae_shop_crystal, pf_guarded_unrand_delatra
D:7:      layout_basic, general_overflow_altar, nicolae_dithmenos_the_darkroom,
          minmay_temple_entry_butterflies, hex_intersection
D:8:      layout_basic, jmf_multi_god_temple2, serial_shops, shop
D:9:      layout_cave_pools, lemuel_round_altar, cheibriados_altar_1,
          okawaru_altar_gauntlet_db, due_lair_maze_entry_diamond,
          gammafunk_ghost_smash, st_stairs_11
D:10:     layout_small_grid, nicolae_trove_entry_free_sample, uniq_fannar
D:11:     layout_irregular_city, erik_orc_3, gauntlet_entry_generic
Temple:   nicolae_temple_hex_pool
Lair:1:   layout_hall_layers, ebering_ghost_disaster_area, beast_lair_carwin_11,
          infiniplex_staircase_pool_2, lemuel_fruit_tree
Lair:2:   layout_hall_layers, minmay_swamp_entry_worms, minmay_lair_oklob_items,
          infiniplex_staircase_pool, grunt_megastairs_3, uniq_gastronok
Lair:3:   layout_cave_pods, beast_lair_carwin_1, uniq_sonja
Abyss:2:  base: D:12, gammafunk_abyss_exit_x_factor, due_exit_kobolds,
          minivault_25, minivault_25, evilmike_abyss_exit_14,
          bh_abyss_exit_spiral

Skill      XL: |  1  2  3  4  5  6  7  8  9 10 11 12 |
---------------+-------------------------------------+-----
Shields        | 4 5 6 7 |  7.1
Fighting       | 4 5 6 8 10 12 13 14 | 14.2
Armour         | 4 5 6 7 10 | 10.2
Axes           | 3 4 5 6 8 10 11 13 | 13.8
Evocations     | 2 5 6 |  6.5
Invocations    | 3 6 8 |  8.3
Polearms       | 5 |  5.2

Action                   |  1- 3 |  4- 6 |  7- 9 | 10-12 || total
-------------------------+-------+-------+-------+-------++-------
Melee: War axe           |    81 |   103 |       |       ||   184
       Headbutt          |     6 |    17 |    48 |   201 ||   272
       Hand axe          |       |    35 |   250 |   504 ||   789
       Trident           |       |       |       |   362 ||   362
Invok: Minor Destruction |       |       |       |     1 ||     1
       Lesser Servant of |       |       |       |     2 ||     2
Evoke: Wand              |       |       |       |    12 ||    12
  Use: Scroll            |       |     1 |     3 |    12 ||    16
       Potion            |       |     1 |       |     6 ||     7
Armor: Chain mail        |    48 |    92 |   185 |   710 ||  1035
Dodge: Dodged            |    31 |    52 |    96 |   291 ||   470
Block: Buckler           |    22 |    33 |    65 |       ||   120
       Kite shield       |       |       |    30 |   525 ||   555
